 Dungeon Crawl Stone Soup version 0.21.1-1-g345015f (webtiles) character file.

118 letownia2 the Skirmisher (level 4, 15/38 HPs)
             Began as a Demonspawn Gladiator on July 15, 2018.
             Quit the game on level 2 of the Dungeon.
             The game lasted 00:02:20 (463 turns).

letownia2 the Skirmisher (Demonspawn Gladiator)      Turns: 463, Time: 00:02:21

Health: 15/38      AC:  5    Str: 15    XL:     4   Next: 72%
Magic:  4/4        EV: 12    Int:  9    God:
Gold:   16         SH:  0    Dex: 15    Spells: 3/3 levels left

rFire    + . .     SeeInvis .   h - +0 dagger (venom)
rCold    + + .     Gourm    .   (no shield)
rNeg     . . .     Faith    .   k - +0 ring mail
rPois    .         Spirit   +   (helmet restricted)
rElec    .         Reflect  .   j - scarf {rC+ rF+}
rCorr    .         Harm     .   (no gloves)
MR       .....                  (no boots)
Stlth    +.........             (no amulet)
HPRegen  0.12/turn              g - ring of ice
MPRegen  0.09/turn              (no ring)

@: no status effects
A: horns 1, fire resistance 1, magic shield
a: no special abilities


You were on level 2 of the Dungeon.
You were not hungry.

You visited 1 branch of the dungeon, and saw 2 of its levels.

You collected 16 gold pieces.

Inventory:

Hand Weapons
 h - a +0 dagger of venom (weapon)
Missiles
 c - 3 throwing nets (quivered)
 e - 56 bolts
 i - 26 sling bullets
Armour
 a - a +0 leather armour
 b - a +0 helmet
 j - a scarf of resistance (worn)
 k - a +0 ring mail (worn)
 m - a cursed +0 shield
Jewellery
 g - a ring of ice (left hand)
Potions
 f - 2 potions of haste {unknown}
 l - a potion of ambrosia {unknown}
Comestibles
 d - 4 rations


   Skills:
 + Level 4.6 Fighting
 - Level 1.7 Throwing
 - Level 2.6 Dodging
 - Level 3.2 Unarmed Combat


You had 3 spell levels left.
You didn't know any spells.

Dungeon Overview and Level Annotations

Branches:
Dungeon (2/15)

Altars:


Innate Abilities, Weirdness & Mutations

You have a pair of small horns on your head.
Your flesh is heat resistant. (rF+)
When hurt, damage is shared between your health and your magic reserves.


Message History

The kobold hits you but does no damage.
You closely miss the kobold.
The kobold is severely wounded.
You kill the kobold!
The bat closely misses you. The bat barely misses you.
Your ring mail prevents you from hitting the bat.
The bat hits you but does no damage. The bat closely misses you.
You closely miss the bat. The bat closely misses you.
You hit the bat.
You kill the bat!
Things that are here:
a robe; a bat corpse
Things that are here:
a dagger; a stone Are you sure you want to abandon this character and quit the game? (Confirm with "yes".)
Okay, then.
Unknown command.
Unknown command.
Are you sure you want to abandon this character and quit the game? (Confirm with "yes".)

.# ##.#
#... #..#
#..#
#..####..
#.......#
#@# ##[##
#...#
#.........#
###...##..#
##(## .#
#.. .. ###
#


There were no monsters in sight!

Vanquished Creatures
  Jessica (D:2)
  Natasha (twice) (D:2)
  4 oozes (D:1)
  5 giant cockroaches (D:1)
  2 goblins (D:1)
  5 jackals (D:1)
  3 kobolds
  A bat (D:2)
  2 rats (D:1)
25 creatures vanquished.

Notes
Turn   | Place    | Note
-------+----------+-------------------------------------------
     0 | D:1      | letownia2 the Demonspawn Gladiator began the quest for the Orb.
     0 | D:1      | Reached XP level 1. HP: 16/16 MP: 1/1
     1 | D:1      | Found a runed door.
    15 | D:2      | Noticed Natasha
   238 | D:1      | Gained mutation: When hurt, damage is shared between your health and your magic reserves. [demonic ancestry]
   238 | D:1      | Reached XP level 2. HP: 22/22 MP: 2/2
   307 | D:1      | Gained mutation: Your flesh is heat resistant. (rF+) [demonic ancestry]
   307 | D:1      | Reached XP level 3. HP: 22/28 MP: 1/3
   310 | D:1      | Reached skill level 3 in Fighting
   360 | D:2      | Killed Natasha
   363 | D:2      | Noticed Natasha
   377 | D:2      | Killed Natasha
   377 | D:2      | Reached skill level 4 in Fighting
   377 | D:2      | Gained mutation: You have a pair of small horns on your head. [demonic ancestry]
   377 | D:2      | Reached XP level 4. HP: 6/37 MP: 2/4
   447 | D:2      | Noticed Jessica
   452 | D:2      | Killed Jessica
   463 | D:2      | Quit the game

Skill      XL: |  1  2  3 |
---------------+----------+-----
Unarmed Combat | 3 |  3.2
Fighting       | 4 |  4.6
Throwing       | |  1.7
Dodging        | |  2.6

Action                   |  1- 3 |  4- 6 || total
-------------------------+-------+-------++-------
Melee: Unarmed           |    25 |       ||    25
       Dagger            |    56 |    11 ||    67
       Punch             |     1 |       ||     1
       Headbutt          |       |     3 ||     3
Armor: Leather armour    |    26 |       ||    26
       Ring mail         |       |    10 ||    10
Dodge: Dodged            |    44 |    19 ||    63
